Map: Pillars of Gold LE

Players

ExpecT

  • Race: Terran Terran
  • Spawn Location: 7:00

Naxin - Winner!

  • Race: Terran Terran
  • Spawn Location: 1:00

Event: DreamHack SC2 Masters 2020 Fall

VOD

Have the link to the VOD?

Description

Time

  • Played on: Aug. 26, 2020, 10:31 a.m.
  • Length: 14:13

All games in this series

Show
View Real Time Build Order
Export as new Build Order

ExpecT Terran 

Build Orders: 1/1/1, Liberator Opening 

Get SALT Encoding   

  12  0:00  SCV  
  13  0:12  SCV  
  14  0:17  Supply Depot  
  14  0:24  SCV  
  15  0:29  Refinery  
  15  0:39  SCV  
  16  0:45  Barracks  
  16  0:51  SCV  
  16  0:57  Refinery  
  17  1:03  SCV  
  18  1:15  SCV  
  19  1:33  Barracks Reactor  
  19  1:34  Orbital Command  
  19  1:40  Factory  
  19  1:53  Supply Depot  
  19  2:01  SCV  
  20  2:09  Reaper x2  
  20  2:13  SCV  
  23  2:23  Starport  
  23  2:25  Hellion  
  23  2:28  SCV  
  26  2:34  Supply Depot  
  26  2:42  Reaper x2  
  28  2:48  Hellion  
  30  2:52  SCV  
  31  3:04  Liberator  
  34  3:07  Supply Depot  
  34  3:14  Hellion  
  36  3:22  Reaper x2  
  36  3:23  SCV  
  39  3:35  Factory Tech Lab  
  39  3:48  Command Center  
  39  3:50  Starport Tech Lab  
  39  4:03  Cyclone  
  39  4:06  Marine x2  
  44  4:10  SCV  
  44  4:15  Supply Depot  
  42  4:27  SCV  
  41  4:35  Banshee  
  40  4:39  SCV  
  40  4:40  Marine x2  
  46  4:52  Siege Tank  
  46  4:57  SCV, Marine  
  46  4:58  Marine  
  49  5:10  Orbital Command  
  49  5:18  SCV, Raven  
  49  5:19  Marine x2  
  54  5:28  Cloaking Field  
  54  5:30  SCV  
  55  5:37  SCV  
  55  5:39  Refinery  
  55  5:41  Supply Depot  
  56  5:42  Marine  
  56  5:43  SCV, Marine  
  56  5:49  SCV  
  60  5:53  Siege Tank  
  63  6:02  SCV x2, Supply Depot  
  65  6:09  Banshee  
  68  6:12  Marine x2  
  68  6:16  SCV  
  68  6:17  SCV  
  72  6:27  Supply Depot  
  72  6:28  Siege Tank  
  72  6:31  SCV  
  76  6:34  Marine x2  
  76  6:39  SCV  
  79  6:44  SCV  
  80  6:55  Command Center  
  80  6:59  SCV x2  
  80  7:00  Siege Tank  
  87  7:08  Barracks  
  83  7:09  Barracks Tech Lab, Barracks  
  83  7:11  SCV x2, Supply Depot  
  85  7:25  Refinery  
  82  7:31  Marine  
  82  7:32  Stimpack  
  82  7:33  SCV x2  
  85  7:37  Siege Tank  
  88  7:44  Barracks  
  88  7:45  Barracks  
  88  7:46  SCV  
  88  7:47  SCV  
  88  7:48  Engineering Bay x2  
  88  7:51  Marine  
  89  7:59  SCV x2  
  89  8:03  Starport Reactor  
  91  8:05  Marine  
  91  8:06  Marine x2  
  91  8:08  Viking  
  91  8:09  Siege Tank  
  96  8:20  Marine  
  96  8:23  SCV x2, Marine x2  
  96  8:24  Marine  
  100  8:34  Marine x2  
  86  8:35  SCV  
  86  8:38  SCV, Marine  
  86  8:39  Viking  
  87  8:41  Marine  
  87  8:48  SCV, Orbital Command  
  89  8:50  SCV  
  89  8:51  Barracks Reactor  
  90  8:59  Barracks Reactor x2  
  90  9:00  SCV, Marine  
  90  9:01  Marine x2  
  90  9:02  SCV  
  94  9:06  Siege Tank  
  97  9:12  SCV  
  97  9:13  Starport Reactor  
  97  9:14  SCV, Supply Depot  
  99  9:18  Marine x2  
  99  9:23  Marine  
  103  9:24  SCV  
  103  9:25  Combat Shield  
  103  9:27  Terran Infantry Weapons Level 1, Terran Infantry Armor Level 1  
  103  9:36  Marine x2  
  103  9:37  Marine x4  
  109  9:41  Marine x2  
  109  9:43  Marine  
  109  9:44  Siege Tank  
  115  9:50  Supply Depot  
  115  9:54  Marine x3  
  115  9:55  Marine x2  
  115  9:56  Marine  
  115  9:59  Marine x2  
  120  10:04  Marine  
  117  10:12  Marine x3  
  117  10:13  Marine x2  
  114  10:14  Marine  
  114  10:15  Medivac x2  
  114  10:16  Siege Tank  
  114  10:17  Marine  
  114  10:19  Marine  
  121  10:22  Marine  
  121  10:29  Marine  
  121  10:30  Marine x4  
  121  10:32  Marine  
  126  10:40  Marine x2  
  126  10:41  Marine  
  129  10:45  Viking  
  129  10:47  Marine x2  
  129  10:48  Marine, Siege Tank  
  128  10:51  Viking, Marine x2  
  128  10:52  Marine  
  124  10:58  Marine x3  
  124  11:05  Marine x2  
  124  11:07  Supply Depot x2  
  124  11:08  Supply Depot  
  126  11:28  Marine x5  
  127  11:37  Marine x2  
  127  11:38  Marine  
  127  11:39  Marine  
  130  11:43  Starport Reactor  
  130  11:46  Marine x2, Siege Tank  
  133  11:56  Marine x2  
  133  11:58  Marine x2  
  112  12:01  Marine x2  
  112  12:03  Marine  
  112  12:04  Marine x2  
  91  12:14  Marine x2  
  87  12:16  Marine  
  87  12:22  Marine x2  
  87  12:37  Marine x3  
  72  12:39  Medivac  
  72  12:42  Marine x2  
  78  13:00  Marine  
  78  13:01  Marine x4  
  71  13:16  Medivac x2  
  75  13:33  Marine  
  67  13:48  Marine  
  67  13:52  Marine x3  
  67  13:53  Marine x2  
Show
View Real Time Build Order
Export as new Build Order

Naxin Terran - Winner!

Build Orders:  

Get SALT Encoding   

  12  0:00  SCV  
  13  0:12  SCV  
  14  0:18  Supply Depot  
  14  0:24  SCV  
  15  0:30  Refinery  
  15  0:39  SCV  
  16  0:46  Barracks  
  16  0:51  SCV  
  17  0:57  Refinery  
  17  1:03  SCV  
  18  1:15  SCV  
  19  1:33  Reaper, Orbital Command  
  19  1:36  Factory  
  20  1:45  Supply Depot  
  20  1:58  SCV  
  21  2:05  Reaper  
  22  2:10  SCV  
  23  2:20  Hellion  
  23  2:22  SCV  
  26  2:33  Command Center  
  26  2:35  SCV  
  27  2:42  Factory Tech Lab  
  27  2:43  Barracks Reactor  
  27  2:49  Starport  
  27  2:51  SCV  
  28  2:56  Supply Depot  
  28  3:06  Siege Tank  
  31  3:18  SCV  
  31  3:19  Marine x2  
  34  3:30  SCV  
  34  3:32  Viking, Refinery  
  37  3:37  Reaper  
  38  3:42  SCV  
  38  3:48  Bunker  
  37  3:50  Cyclone  
  37  3:55  Orbital Command  
  40  3:57  SCV  
  37  4:11  Orbital Command  
  34  4:36  SCV  
  35  4:40  Marine x2  
  35  4:42  SCV  
  38  4:52  SCV  
  39  4:54  SCV  
  39  4:58  Marine x2  
  45  5:03  Supply Depot, Factory Tech Lab  
  45  5:07  SCV x2  
  44  5:16  Raven  
  44  5:17  Marine  
  44  5:18  Marine  
  44  5:19  SCV x2  
  50  5:24  Siege Tank  
  50  5:26  Supply Depot  
  53  5:31  SCV x2  
  53  5:35  Barracks  
  54  5:43  SCV x2  
  54  5:44  Marine x2  
  54  5:46  Barracks  
  54  5:49  Supply Depot  
  58  5:55  SCV x2  
  58  5:56  Siege Tank  
  63  6:06  Engineering Bay  
  63  6:07  SCV  
  63  6:08  SCV  
  63  6:11  Starport Reactor  
  65  6:12  Marine  
  65  6:13  Stimpack  
  66  6:19  SCV  
  66  6:20  SCV  
  66  6:21  Supply Depot  
  66  6:25  Barracks Reactor  
  68  6:29  Barracks Tech Lab  
  68  6:30  Marine, Siege Tank  
  68  6:31  SCV  
  68  6:32  SCV  
  74  6:33  Terran Infantry Weapons Level 1  
  74  6:39  Refinery  
  74  6:43  SCV  
  74  6:44  SCV  
  74  6:45  Marine  
  74  6:46  Marine  
  78  6:48  Supply Depot  
  78  6:52  Medivac x2  
  82  6:56  SCV x2  
  82  7:01  Marine x2  
  85  7:03  Supply Depot, Marine  
  86  7:10  Combat Shield  
  86  7:11  Marine  
  84  7:18  Marine  
  84  7:20  Missile Turret  
  84  7:21  SCV x2  
  81  7:33  SCV x2  
  81  7:36  Medivac x2  
  86  7:45  SCV  
  86  7:46  SCV  
  86  7:47  Marine x2  
  86  7:48  Supply Depot  
  90  7:53  Marine  
  90  7:55  Marine  
  90  7:56  Siege Tank  
  95  7:59  SCV  
  95  8:04  Marine  
  95  8:05  Marine  
  98  8:06  SCV  
  98  8:11  SCV, Supply Depot  
  104  8:13  Marine  
  104  8:17  Marine  
  105  8:22  Marine  
  105  8:23  Viking  
  105  8:24  Viking, Marine  
  107  8:31  Marine  
  106  8:36  Siege Tank  
  106  8:40  Marine x2  
  104  8:41  Marine  
  104  8:42  SCV x2, Terran Infantry Armor Level 1  
  104  8:47  Supply Depot  
  105  8:49  Marine  
  105  8:54  Liberator  
  109  9:02  Marine x3  
  107  9:03  Liberator  
  112  9:20  Marine x3  
  112  9:21  Siege Tank  
  112  9:24  Supply Depot  
  117  9:30  Supply Depot, Marine  
  118  9:37  Medivac  
  118  9:38  Marine x2  
  117  9:39  Supply Depot  
  117  9:43  Marine  
  114  9:46  Medivac  
  114  9:48  Marine  
  117  9:57  Marine x2  
  117  9:58  Siege Tank  
  121  10:01  Marine  
  121  10:05  Marine  
  119  10:15  Marine x2  
  119  10:19  Marine  
  122  10:30  Siege Tank  
  122  10:34  Command Center  
  122  10:35  Medivac  
  127  10:37  SCV x2  
  129  10:49  SCV  
  127  10:51  Marine  
  127  10:55  Marine  
  127  10:56  Marine x2  
  131  10:58  Liberator  
  131  11:02  Siege Tank  
  137  11:09  Marine  
  138  11:13  Marine  
  138  11:14  Marine x2  
  141  11:22  Viking  
  143  11:26  Marine  
  143  11:31  Marine  
  143  11:32  Marine x2  
  144  11:38  Supply Depot  
  144  11:40  Armory  
  144  11:41  Viking  
  144  11:44  Marine  
  128  11:49  Marine  
  128  11:50  Marine x2  
  119  11:56  Siege Tank  
  106  12:02  Marine  
  106  12:07  Marine x2  
  91  12:15  Planetary Fortress  
  88  12:24  Marine  
  71  12:43  Siege Tank  
  74  12:51  Marine  
  68  13:08  Marine  
  68  13:09  Marine  
  68  13:11  Marine  
  53  13:16  SCV  
  54  13:24  Siege Tank  
  57  13:28  Marine  
  56  13:34  Marine  
  56  13:37  Marine  
  57  13:44  Marine  
  57  13:47  Marine  

Tags
 
Add a new tag
Caveats
  • Supply blocks, unpowered buildings, or Contaminate may cause inaccurate times.
  • Supply counts are checked every 10 seconds.